AoeStats
← Le Tapete

Black Forest

510463562Analyzed
4v4 RM · 10h ago on Oct 1, 2026· 51m 8s· 8 players
Game mode
Random Map
Map size
Large (8 player)
Population
200
Speed
Normal
Resources
Standard
Victory
Conquest
Starting age
Dark Age
Ending age
Imperial Age
RankedLock teamsTeams togetherTeam positionsShared explorationLock speedFull tech treeHidden civsTurbo modeCheats
Victory
Defeat
🇲🇽 Lithuanians · Mexico
939
+9
🇲🇽 Malians · Mexico
855
+12
🇨🇴 Poles · Colombia
830
+13
🇲🇽 Tatars · Mexico
801
+14
🇲🇽 Sicilians · Mexico
792
-13
🇺🇸 Chinese · United States
767
-12
🇺🇸 Mongols · United States
757
-12
🇵🇱 Khmer · Poland
738
-11
Boundless316
1:21 Loom
JT One
0:39 Loom
15:22 Feudal Age
16:25 Double-Bit Axe
Afax
HyDRO™23
0:53 Loom
13:55 Feudal Age
16:40 Wheelbarrow
16:24 Double-Bit Axe
20:19 Castle Age
18:46 Horse Collar
22:33 Hand Cart
24:39 Heavy Plow
27:18 Fortified Wall
33:02 Imperial Age
30:19 Town Watch
31:15 Bow Saw
37:01 Conscription
Le Tapete
1:31 Loom
15:15 Feudal Age
19:22 Castle Age
20:26 Wheelbarrow
22:13 Double-Bit Axe
23:49 Bow Saw
23:22 Horse Collar
26:50 Heavy Plow
28:53 Gold Mining
29:53 Caravan
30:23 Coinage
30:34 Gold Shaft Mining
35:02 Imperial Age
33:11 Forging
33:01 Scale Mail Armor
33:42 Hand Cart
33:13 Town Watch
33:48 Hand Cart
35:25 Iron Casting
35:06 Chain Mail Armor
34:55 Padded Archer Armor
34:45 Fletching
35:19 Ballistics
34:49 Heated Shot
36:15 Banking
36:27 Conscription
36:12 Stone Mining
36:44 Leather Archer Armor
36:30 Bodkin Arrow
36:41 Scale Barding Armor
38:20 Farimba
38:24 Tigui
39:31 Chemistry
39:19 Town Patrol
40:41 Stone Shaft Mining
40:20 Sappers
41:14 Elite Gbeto
42:32 Hoardings
42:21 Chain Barding Armor
42:32 Plate Mail Armor
42:22 Guilds
47:51 Plate Barding Armor
47:47 Ring Archer Armor
48:23 Spies/Treason
andy uchiha
0:31 Loom
kingferra
13:30 Feudal Age
19:48 Castle Age
21:06 Double-Bit Axe
26:03 Pikeman
29:05 Ballistics
30:14 Silk Armor
45:43 Imperial Age
miguelg2305
0:28 Loom
12:20 Feudal Age
13:12 Horse Collar
15:28 Wheelbarrow
15:18 Double-Bit Axe
21:26 Castle Age
24:12 Forging
24:08 Scale Barding Armor
24:47 Hand Cart
25:07 Bow Saw
26:22 Heavy Plow
28:19 Iron Casting
28:28 Stone Mining
28:32 Gold Mining
30:21 Hill Forts
31:30 Chain Barding Armor
35:13 Imperial Age
33:35 Stone Shaft Mining
36:18 Conscription
35:59 Tower Shields
35:20 Elite Leitis
39:39 Fletching
39:50 Padded Archer Armor
40:26 Plate Barding Armor
41:04 Scale Mail Armor
41:20 Leather Archer Armor
41:00 Bodkin Arrow
Connection lost

Rejoining the realm…

Still unreachable

The connection could not be restored.

Session expired

The server has moved on; the page needs a fresh start.